 Dungeon Crawl Stone Soup version 0.25.0-9-g26727b657a (webtiles) character file.

Game seed: 17269191559250270613

621 dorian the Insei (level 7, -1/43 HPs)
             Began as an Octopode Transmuter on June 19, 2020.
             Was an Initiate of Wu Jian.
             Killed from afar by an orc wizard (7 damage)
             ... with a magic dart
             ... on level 4 of the Dungeon.
             The game lasted 00:14:22 (7492 turns).

dorian the Insei (Octopode Transmuter)              Turns: 7492, Time: 00:14:22

Health: -1/43      AC:  3    Str: 10    XL:     7   Next: 46%
Magic:  19/19      EV: 14    Int: 15    God:    Wu Jian [......]
Gold:   205        SH:  0    Dex: 14    Spells: 4/10 levels left

rFire    . . .     SeeInvis .   j - +2 mace (vorpal)
rCold    + + .     Gourm    .   (no shield)
rNeg     + . .     Faith    .   (helmet restricted)
rPois    .         Spirit   .   (no amulet)
rElec    .         Reflect  .   b - ring of attention (curse)
rCorr    .         Harm     .   e - ring of protection from cold
MR       +....                  g - ring of protection from cold
Stlth    +.........             k - ring of positive energy
HPRegen  0.14/turn              s - ring of magical power
MPRegen  0.16/turn              m - ring of protection from magic
                                (no ring)
                                (no ring)

@: hasted, very quick
A: almost no armour, stealthy swim, amphibious, 8 rings, constrict 8, tentacle
spike 1, molten scales 1, camouflage 1, blurry vision 1, wild magic 1,
gelatinous body 1
a: Renounce Religion


You were on level 4 of the Dungeon.
You worshipped Wu Jian.
Wu Jian was noncommittal.
You were not hungry.

You visited 2 branches of the dungeon, and saw 6 of its levels.

You collected 205 gold pieces.

Inventory:

Hand Weapons
 j - a +2 vorpal mace (weapon)
 l - a +0 hand axe of flaming
Missiles
 a - 52 arrows
 d - 21 poisoned darts (quivered)
Jewellery
 b - a cursed ring of attention (left tentacle)
 e - a ring of protection from cold (right tentacle)
 g - a ring of protection from cold (on tentacle)
 k - a ring of positive energy (on tentacle)
 m - a ring of protection from magic (on tentacle)
 s - a ring of magical power (on tentacle)
Wands
 r - a wand of random effects (11)
Potions
 f - a potion of flight
 h - a potion of mutation
 i - a potion of haste
 n - a potion of cancellation {unknown}
 p - a potion of stabbing {unknown}
 q - a potion of curing {unknown}
Comestibles
 c - 5 rations
 o - 2 chunks of flesh


   Skills:
 - Level 1.0 Fighting
 - Level 3.2 Dodging
 * Level 7.1 Unarmed Combat
 - Level 2.0 Spellcasting
 + Level 4.0 Transmutations


You had 4 spell levels left.
You knew the following spells:

 Your Spells              Type           Power        Failure   Level  Hunger
a - Beastly Appendage     Tmut           ###...       7%          1    #......
b - Spider Form           Tmut/Pois      #.........   36%         3    ###....
c - Sticks to Snakes      Tmut           ###.....     10%         2    ###....

Your spell library contained the following spells:

 Spells                   Type           Power        Failure   Level  Hunger
 Ice Form                 Ice/Tmut       #.......     75%         4    #####..
 Blade Hands              Tmut           ###.......   82%         5    ######.


Dungeon Overview and Level Annotations

Branches:
Dungeon (5/15)             Temple (1/1) D:4

Altars:
Ashenzari
Cheibriados
Dithmenos
Elyvilon
Gozag
Hepliaklqana
Kikubaaqudgha
Makhleb
Nemelex Xobeh
Okawaru
Qazlal
Ru
Uskayaw
Vehumet
Wu Jian
Yredelemnul


Innate Abilities, Weirdness & Mutations

You cannot wear most types of armour.
You are very stealthy in the water. (Stealth+)
You are amphibious.
You can wear up to eight rings at the same time.
You can use your tentacles to constrict eight enemies at once.
Your skin changes colour to match your surroundings (Stealth+).
Your rubbery body absorbs attacks. (AC +1, EV +1)
One of your tentacles bears a spike.
You are partially covered in molten scales. (AC +2)
Scrolls take you a little longer to read.
Your spells are a little harder to cast, but a little more powerful.


Message History

You climb upwards.
Reactivating autopickup.
There is a stone staircase leading down here.
Deactivating autopickup; reactivate with Ctrl-A.
You closely miss something.
You pierce something.
Something hits you.
* * * LOW HITPOINT WARNING * * *
You hit something but do no damage.
You hear some strange, mumbled words.
A magic dart appears from out of thin air!
The magic dart hits you.
* * * LOW HITPOINT WARNING * * *
You feel yourself speed up. Something hits you.
* * * LOW HITPOINT WARNING * * *
You barely miss something.
You pierce something.
Your squeeze misses something. Something hits you but does no damage.
You hit something.
Your tentacle spike misses something.
You hear some strange, mumbled words.
A magic dart appears from out of thin air!
The magic dart hits you!
You die...

#.# ###'#'#.#...[.#
##.########.#.#.#.....##
#...........#.#.#.....'.
#...#########.#.#.....##
#..........##.#.......#
#...######.##.########## #...#
#.##...........
#...######.#############
#.....{@...#
#.#.#################
#.#.#...............#
##########.#.#.###############
...........#...#
############.#.# #####


There were no monsters in sight!

Vanquished Creatures
  A phantom (D:4)
  An ogre (D:4)
  A scorpion (D:4)
  A bullfrog skeleton (D:4)
  A hound (D:4)
  An iguana (D:4)
  2 worker ants (D:4)
  An orc wizard (D:4)
  A hound skeleton (D:4)
  9 gnolls
  4 adders
  A shadow imp (D:3)
  An ooze (D:3)
  4 worms
  A dart slug (D:1)
  3 leopard geckos
  15 orcs
  8 bats
  4 giant cockroaches
  6 goblins
  8 hobgoblins
  18 jackals
  12 kobolds
  4 quokkas
  7 frilled lizards
  11 rats
126 creatures vanquished.

Notes
Turn   | Place    | Note
-------+----------+-------------------------------------------
     0 | D:1      | dorian the Octopode Transmuter began the quest for the Orb.
     0 | D:1      | Reached XP level 1. HP: 13/13 MP: 3/3
   297 | D:1      | Reached XP level 2. HP: 3/18 MP: 5/5
   871 | D:1      | Reached XP level 3. HP: 18/23 MP: 3/6
  1352 | D:1      | Reached skill level 4 in Unarmed Combat
  1907 | D:1      | Learned a level 3 spell: Spider Form
  2054 | D:2      | Reached XP level 4. HP: 24/28 MP: 7/7
  3376 | D:2      | Reached XP level 5. HP: 31/33 MP: 8/8
  3702 | D:3      | Reached skill level 5 in Unarmed Combat
  4137 | D:3      | Found a shattered altar of Ashenzari.
  4137 | D:3      | Found a white marble altar of Elyvilon.
  4795 | D:3      | Reached XP level 6. HP: 38/38 MP: 9/9
  5586 | D:4      | Learned a level 2 spell: Sticks to Snakes
  5586 | D:4      | Noticed a phantom
  5623 | D:4      | Reached skill level 6 in Unarmed Combat
  6063 | D:4      | Found a staircase to the Ecumenical Temple.
  6079 | Temple   | Entered the Ecumenical Temple
  6150 | Temple   | Became a worshipper of the Wu Jian Council
  6205 | D:4      | Killed a phantom
  6542 | D:4      | Reached XP level 7. HP: 43/43 MP: 8/10
  6615 | D:4      | Found a sacrificial altar of Ru.
  7077 | D:4      | Reached skill level 7 in Unarmed Combat
  7451 | D:4      | Gained mutation: Your spells are a little harder to cast,
                  | but a little more powerful. [potion of mutation]
  7451 | D:4      | Gained mutation: You are partially covered in molten
                  | scales. (AC +2) [potion of mutation]
  7451 | D:4      | Gained mutation: Scrolls take you a little longer to read.
                  | [potion of mutation]
  7451 | D:4      | Gained mutation: One of your tentacles bears a spike.
                  | [potion of mutation]
  7459 | D:5      | Entered Level 5 of the Dungeon
  7492 | D:4      | Killed from afar by an orc wizard

Illustrated notes

Levels and vault maps discovered:
D:1:      onia_arrival_mini_spirals, layout_basic
D:2:      layout_basic, first_ration
D:3:      kennysheep_big_flooded_room, layout_loops_ring,
          gammafunk_temple_overflow_wave
D:4:      layout_basic, nicolae_overflow_hidden_temple,
          minmay_temple_entry_ruins
D:5:      minmay_general_purpose_star, layout_rooms, xom_teletrap_fun,
          serial_shops, shop, minmay_ruined_shrine
Temple:   dshaligram_water_room_temple

Skill      XL: |  1  2  3  4  5  6  7 |
---------------+----------------------+-----
Unarmed Combat | 4 5 6 7 |  7.1
Dodging        | 3 |  3.2
Transmutations | 3 4 |  4.0
Fighting       | |  1.0
Spellcasting   | |  2.0

Action                   |  1- 3 |  4- 6 |  7- 9 || total
-------------------------+-------+-------+-------++-------
Melee: Unarmed           |    44 |       |       ||    44
       Constrict         |    19 |    40 |     3 ||    62
       Tentacles         |     5 |    19 |     2 ||    26
       Punch             |     1 |     6 |       ||     7
       Mace              |    28 |   154 |    15 ||   197
       Kick              |     2 |       |     4 ||     6
Throw: Dart              |    23 |    88 |    17 ||   128
 Cast: Beastly Appendage |     2 |     2 |       ||     4
       Sticks to Snakes  |       |     3 |     2 ||     5
Invok: Lunge             |       |     1 |       ||     1
  Use: Scroll            |     2 |     6 |       ||     8
       Potion            |     2 |     1 |     2 ||     5
 Stab: Sleeping          |     5 |     2 |       ||     7
  Eat: Chunk             |     4 |    14 |     3 ||    21
Armor: Skin              |     6 |     9 |       ||    15
Dodge: Dodged            |    54 |   130 |    12 ||   196
